 Dungeon Crawl Stone Soup version 0.30.1-3-gfc49f6343a (webtiles) character file.

Game seed: 3737839479880232363

994 Peloso the Slasher (level 7, -14/61 HPs)
             Began as a Minotaur Fighter on Aug 4, 2023.
             Demolished by an ogre
             ... wielding a +0 giant club
              (17 damage)
             ... on level 4 of the Dungeon.
             The game lasted 00:09:30 (4492 turns).

Peloso the Slasher (Minotaur Fighter)               Turns: 4492, Time: 00:09:31

Health: -14/61     AC: 12    Str: 21    XL:     7   Next: 99%
Magic:  6/6        EV: 10    Int:  5    God:
Gold:   296        SH:  5    Dex: 11    Spells: 6/6 levels left

rFire   + . .        a - +0 long sword
rCold   + . .        d - +0 buckler
rNeg    + . .        b - +0 scale mail
rPois   +            (helmet restricted)
rElec   +            (no cloak)
rCorr   +            c - +0 pair of gloves
SInv    .            (no boots)
Will    .....        (no amulet) Stlth
                     f - +4 ring of protection
HPRegen 0.30/turn    n - ring of Miczej {+Blink rN+ rCorr}
MPRegen 0.10/turn

%: no passive effects
@: resistant
A: horns 2, retaliatory headbutt
a: Evoke Blink


You were on level 4 of the Dungeon.
You visited 1 branch of the dungeon, and saw 5 of its levels.
You also visited: Sewer.

You collected 296 gold pieces.

Inventory:

Hand Weapons
 a - a +0 long sword (weapon)
Armour
 b - a +0 scale mail (worn)
 c - a +0 pair of gloves (worn)
 d - a +0 buckler (worn)
Jewellery
 f - a +4 ring of protection (left hand)
 i - a ring of ice
 n - the ring of Miczej (right hand) {+Blink rN+ rCorr}
   (You found it on level 2 of the Dungeon)

   [ring of positive energy]

   rN:        It protects you from negative energy.
   +Blink:    It lets you blink.
   rCorr:     It protects you from acid and corrosion.
 t - a ring of poison resistance
 u - a ring of fire
Scrolls
 e - a scroll of noise {unknown}
 h - 2 scrolls of immolation
 l - 2 scrolls of teleportation
Potions
 j - a potion of invisibility
 k - 2 potions of might
 m - a potion of brilliance
 p - 3 potions of mutation
 q - a potion of ambrosia {unknown}
 r - a potion of resistance
 w - a potion of haste {unknown}
 x - a potion of heal wounds {unknown}


   Skills:
 + Level 5.4 Fighting
 + Level 7.6 Long Blades
 + Level 6.3 Armour
 + Level 2.3 Dodging
 + Level 0.4 Stealth
 + Level 5.3 Shields


You had 6 spell levels left.
You didn't know any spells.
Your spell library contained the following spells:

 Spells                   Type           Power      Damage    Failure   Level
 Inner Flame              Hex/Fire       0%         N/A       99%         3
 Volatile Blastmotes      Fire/Tloc      0%         2d10      99%         3
 Fulminant Prism          Conj/Hex       0%         3d5       100%        4
 Iskenderun's Mystic Bla  Conj/Tloc      0%         2d3       100%        4
 Lee's Rapid Deconstruct  Erth           0%         3d4*      100%        5
 Metabolic Englaciation   Hex/Ice        0%         N/A       100%        5
 Yara's Violent Unravell  Hex/Tmut       0%         3d3       100%        5
 Simulacrum               Ice/Necr       0%         N/A       100%        6
 Enfeeble                 Hex            0%         N/A       100%        7


Dungeon Overview and Level Annotations

Branches:
Dungeon (5/15)              Sewer (visited)
 Temple: D:4-7

Altars:
Dithmenos
Gozag
Trog


Innate Abilities, Weirdness & Mutations

You have a pair of horns on your head.
You reflexively headbutt those who attack you in melee.


Message History

Done exploring.
Done exploring.
Done exploring.
(D) Dungeon
Where to? (Enter - D:3 @ (x,y), ? - help)
What level of the Dungeon? (default 1, ? - help)
There is a stone staircase leading up here.
You climb upwards.
Found 5 stones.
Found a stone staircase leading down and a stone staircase leading up.
There is a stone staircase leading down here.
The ogre shouts!
The black bear growls angrily.
You hit the ogre.
The ogre is lightly wounded.
The ogre hits you with a +0 giant club!!
You hit the ogre. You headbutt the ogre.
The ogre is moderately wounded.
You block the ogre's attack.
You slash the ogre! Your headbutt misses the ogre.
The ogre is heavily wounded.
You barely miss the ogre.
The ogre is heavily wounded.
The ogre hits you with a +0 giant club!!
You barely miss the ogre.
The ogre is heavily wounded.
The ogre closely misses you.
You hit the ogre but do no damage.
The ogre is heavily wounded.
The ogre closely misses you.
You barely miss the ogre. You headbutt the ogre!
The ogre is severely wounded.
You hit the ogre but do no damage.
The ogre is severely wounded.
The ogre hits you with a +0 giant club!!
* * * LOW HITPOINT WARNING * * *
It was a potion of resistance.
You feel protected. The ogre hits you with a +0 giant club!
You die...

#. #. #. #. ... ##.
#..######### #######..
........<.. #...O...#
#.....##..####
#.#####..
.............# #.# ##.
..>....#..##@# #h# #.
#........##O# #.# ###.
#.#.#.#>.##h. #####.#
#... ...#........
...#h# #..$
#.###..##....
##.#.##..... ...
#..##.#.###...........
...
(..##........O.##.....
...
...####.###...........
##. ....
.......>...###...


You could see a black bear and an ogre.

Vanquished Creatures
  2 ogres (D:5)
  3 kobold brigands (Sewer)
  2 scorpions
  3 hounds (D:5)
  An iguana (D:5)
  3 orc wizards
  A gnoll (D:3)
  11 adders
  4 river rats
  A shadow imp (D:5)
  3 worms
  3 dart slugs
  13 orcs
  12 ball pythons
  6 bats
  7 endoplasms
  6 giant cockroaches
  7 goblins
  6 hobgoblins
  11 jackals
  18 kobolds
  3 quokkas
  4 frilled lizards
  27 rats
157 creatures vanquished.

Notes
Turn   | Place    | Note
-------+----------+-------------------------------------------
     0 | D:1      | Peloso the Minotaur Fighter began the quest for the Orb.
     0 | D:1      | Reached XP level 1. HP: 19/19 MP: 0/0
    84 | D:1      | Reached XP level 2. HP: 27/27 MP: 1/1
   187 | D:1      | Got the Codex of the Underground Chill
   359 | D:1      | Reached XP level 3. HP: 27/31 MP: 2/2
   921 | D:2      | Reached skill level 3 in Long Blades
  1161 | D:2      | Identified the ring of Miczej {+Blink rN+ rCorr}
  1573 | D:2      | Reached XP level 4. HP: 40/40 MP: 3/3
  1707 | D:3      | Found a shadowy altar of Dithmenos.
  1933 | D:3      | Reached skill level 4 in Long Blades
  2071 | D:3      | Reached XP level 5. HP: 6/47 MP: 4/4
  2173 | D:3      | Reached skill level 5 in Armour
  2227 | D:3      | Reached skill level 1 in Dodging
  2626 | D:4      | Noticed an ogre
  2779 | D:4      | Reached skill level 5 in Long Blades
  2779 | D:4      | Reached XP level 6. HP: 39/53 MP: 5/5
  2876 | D:5      | Entered Level 5 of the Dungeon
  2917 | D:5      | Reached skill level 6 in Long Blades
  2930 | D:5      | Reached XP level 7. HP: 42/60 MP: 6/6
  3022 | D:5      | Found a glowing drain.
  3031 | Sewer    | Entered a sewer
  3193 | Sewer    | Reached skill level 5 in Shields
  3301 | Sewer    | Reached skill level 5 in Fighting
  3301 | Sewer    | Reached skill level 7 in Long Blades
  3904 | D:5      | Found an opulent altar of Gozag.
  4348 | D:5      | Found a bloodstained altar of Trog.
  4491 | D:4      | HP: 3/61 [ogre/+0 giant club (19)]
  4492 | D:4      | Demolished by an ogre

Illustrated notes

Levels and vault maps discovered:
D:1:      dpeg_arrival_stone_temple_mockup, layout_loops_ring, nicolae_wormholes
D:2:      layout_loops_corners, minmay_crystal_room
D:3:      minmay_bubble_buster, layout_loops_ring,
          grunt_dithmenos_smoke_and_mirrors, hangedman_decor_slide_cut
D:4:      layout_loops_ring
D:5:      layout_loops_ring, mainiacjoe_overflow_cross_hatched,
          nicolae_gozag_cash_rules_everything_around_me, portal_sewer_entry_a

Skill      XL: |  1  2  3  4  5  6  7 |
---------------+----------------------+-----
Armour         | 4 5 6 |  6.3
Fighting       | 4 5 |  5.4
Shields        | 4 5 |  5.3
Long Blades    | 3 4 5 6 7 |  7.6
Dodging        | 1 2 |  2.3
Stealth        | |  0.4

Action                     |  1- 3 |  4- 6 |  7- 9 || total
---------------------------+-------+-------+-------++-------
  Melee: Long sword        |    89 |   154 |   176 ||   419
         Headbutt          |    11 |    26 |    20 ||    57
    Use: Potion            |     2 |     2 |     1 ||     5
         Scroll            |     1 |       |     7 ||     8
 Armour: Scale mail        |    49 |    73 |    83 ||   205
  Dodge: Dodged            |    46 |    66 |    99 ||   211
  Block: Buckler           |    17 |    36 |    49 ||   102
